 Dungeon Crawl Stone Soup version 0.31-b1-20-g67cafac56d (webtiles) character file.

Game seed: 15336649637726418771

49 solopath the Trooper (level 3, 0/41 HPs)
             Began as an Oni Berserker on Jan 18, 2024.
             Was a Believer of Trog.
             Slain by a gnoll
             ... wielding a +0 spear
              (1 damage)
             ... on level 2 of the Dungeon.
             The game lasted 00:01:15 (993 turns).

solopath the Trooper (Oni Berserker)                 Turns: 993, Time: 00:01:16

Health: 0/41       AC:  3    Str: 23    XL:     3   Next: 77%
Magic:  3/3        EV: 10    Int:  8    God:    Trog [**....]
Gold:   155        SH:  0    Dex:  8    Spells: 2/2 levels left

rFire   . . .        a - +0 mace
rCold   . . .        (no shield)
rNeg    . . .        b - +0 animal skin
rPois   .            (helmet restricted)
rElec   .            (no cloak)
rCorr   .            (gloves unavailable)
SInv    .            (boots unavailable)
Will    .....        (no amulet)
Stlth   +            (no ring)
HPRegen 0.26/turn    (no ring)
MPRegen 0.08/turn

%: no passive effects
@: mighty
A: large, unfitting armour, horns 1, tough skin 1, double potion healing,
drunken brawling
a: Renounce Religion, Berserk, Trog's Hand


You were on level 2 of the Dungeon.
You worshipped Trog.
Trog was pleased with you.
You visited 1 branch of the dungeon, and saw 2 of its levels.

You collected 155 gold pieces.

Inventory:

Hand Weapons
 a - a +0 mace (weapon)
Armour
 b - a +0 animal skin (worn)
Scrolls
 c - a scroll of vulnerability {unknown}
 d - 4 scrolls of identify {unknown}
 g - a scroll of torment {unknown}
 h - 3 scrolls of noise {unknown}
Potions
 f - a potion of brilliance {unknown}


   Skills:
 + Level 4.8 Fighting
 * Level 4.1 Maces & Flails
 - Level 2.6 Dodging


You had 2 spell levels left.
You didn't know any spells.
Your spell library was empty.

Dungeon Overview and Level Annotations

Branches:
Dungeon (2/15)

Altars:
Dithmenos


Innate Abilities, Weirdness & Mutations

You are too large for most types of armour.
You have a pair of small horns on your head.
You have tough skin. (AC +1)
You gain doubled healing and magic from potions.
Whenever you drink a healing potion, you attack all around you.


Message History

Trog accepts your kill.
Found a stone staircase leading up.
Things that are here:
a +0 whip; 4 stones; a kobold corpse
There is a shadowy altar of Dithmenos here.
Found a stone staircase leading up.
A gnoll comes into view. It is wielding a +0 whip.
The gnoll shouts!
You hear a shout!
A gnoll comes into view. It is wielding a +0 club.
There are monsters nearby!
A gnoll comes into view. It is wielding a +0 whip.
The gnoll shouts! x2
A gnoll comes into view. It is wielding a +0 spear.
A quokka comes into view.
The gnoll shouts!
A hobgoblin comes into view.
The hobgoblin shouts!
The gnoll hits you with a +0 whip!
You closely miss the gnoll. The gnoll hits you with a +0 whip.
The gnoll hits you with a +0 club.
You barely miss the gnoll. You headbutt the gnoll.
The gnoll is lightly wounded.
The gnoll barely misses you. The gnoll hits you but does no damage.
The gnoll hits you from afar with a +0 spear.
The gnoll hits you with a +0 club!
* * * LOW HITPOINT WARNING * * *
You are too injured to fight recklessly!
You are too injured to fight recklessly!
You are too injured to fight recklessly!
You are too injured to fight recklessly!
Unknown command.
The gnoll attacks as it pursues you! The gnoll hits you with a +0 club.
* * * LOW HITPOINT WARNING * * *
It was a potion of might.
You feel very mighty all of a sudden. The gnoll barely misses you.
The gnoll hits you with a +0 whip.
* * * LOW HITPOINT WARNING * * *
The gnoll attacks as it pursues you!
The gnoll hits you from afar with a +0 spear.
You die...

...#.#.##....####
...$.................
........#...).......#######
#..................#.....#
#....<..#..........#...[.#
#......g...........#.....#
##....g#g##.##............
#....).g##.##..####.....#
#......r@.........#.....#
................##.......#
..#.....#.#..)#..####..####
....#####.........###.....#
... #####...............
..............>.###..
..#####........>..##..
......................
...####..#..........#.


You could see 4 gnolls and a quokka.

Vanquished Creatures
  2 adders (D:2)
  A dart slug (D:1)
  4 ball pythons (D:1)
  2 endoplasms
  3 giant cockroaches (D:1)
  A goblin (D:1)
  3 hobgoblins
  A quokka (D:1)
  4 bats (D:1)
  2 frilled lizards
  4 kobolds
  3 rats
30 creatures vanquished.

Notes
Turn   | Place    | Note
-------+----------+-------------------------------------------
     0 | D:1      | solopath the Oni Berserker began the quest for the Orb.
     0 | D:1      | Reached XP level 1. HP: 24/24 MP: 1/1
    69 | D:1      | Reached XP level 2. HP: 27/32 MP: 2/2
   584 | D:1      | Reached XP level 3. HP: 36/40 MP: 3/3
   794 | D:2      | Reached ** piety under Trog
   862 | D:2      | Found a shadowy altar of Dithmenos.
   991 | D:2      | HP: 1/41 [gnoll/+0 whip (5)]
   993 | D:2      | Slain by a gnoll

Illustrated notes

Levels and vault maps discovered:
D:1:      reono_arrival_forest_river, layout_loops_ring,
          minmay_gold_behind_fungi, grunt_decor_arrowhead, minmay_misc_feat_iff,
          minmay_tall_x
D:2:      layout_rooms, basic_altar, interstate_on_off

Skill      XL: |  1  2  3 |
---------------+----------+-----
Maces & Flails | 4 |  4.1
Fighting       | |  4.8
Dodging        | |  2.6

Action                     || total
---------------------------++-------
  Melee: Mace              ||    80
         Headbutt          ||    13
    Use: Potion            ||     1
 Armour: Animal skin       ||    80
  Dodge: Dodged            ||    66
